 Dungeon Crawl Stone Soup version 0.27.1-33-g824d729ab1 (webtiles) character file.

Game seed: 9660343308706568483

22482 alasdair19 the Blocker (level 12, -3/104 HPs)
             Began as a Minotaur Fighter on Dec 28, 2021.
             Was a High Priest of Okawaru.
             Slain by a cane toad (13 damage)
             ... on level 3 of the Lair of Beasts.
             The game lasted 00:50:21 (16474 turns).

alasdair19 the Blocker (Minotaur Fighter)          Turns: 16474, Time: 00:50:21

Health: -3/104     AC: 22    Str: 24    XL:     12   Next: 63%
Magic:  17/17      EV:  5    Int:  6    God:    Okawaru [*****.]
Gold:   1738       SH: 26    Dex: 11    Spells: 11/11 levels left

rFire    + . .     SeeInvis .   e - +2 falchion (freeze)
rCold    . . .     Faith    .   y - +1 tower shield
rNeg     . . .     Spirit   .   u - +0 plate armour
rPois    +         Reflect  +   z - +0 hat
rElec    .         Harm     .   F - +0 cloak {rPois}
rCorr    .         Rampage  .   s - +0 pair of gloves
Will     .....                  g - +0 pair of boots
Stlth    ..........             i - amulet of reflection
HPRegen  0.27/turn              w - +4 ring of protection
MPRegen  0.15/turn              J - ring of protection from fire

@: about to teleport, invisible
A: horns 2, retaliatory headbutt
a: Renounce Religion, Heroism, Finesse


You were on level 3 of the Lair of Beasts.
You worshipped Okawaru.
Okawaru was extremely pleased with you.
You visited 2 branches of the dungeon, and saw 14 of its levels.
You also visited: Volcano.

You collected 1738 gold pieces.

Inventory:

Hand Weapons
 c - a +2 longbow of flaming
 e - a +2 falchion of freezing (weapon)
 q - a +2 vorpal hunting sling
 x - a +4 dagger
Missiles
 h - 161 sling bullets
 k - 5 curare-tipped darts (quivered)
Armour
 g - a +0 pair of boots (worn)
 s - a +0 pair of gloves (worn)
 u - a +0 plate armour (worn)
 y - a +1 tower shield (worn)
 z - a +0 hat (worn)
 F - a +0 cloak of poison resistance (worn)
 I - a +2 hat
Jewellery
 i - an amulet of reflection (around neck)
 w - a +4 ring of protection (left hand)
 A - a ring of resist corrosion
 J - a ring of protection from fire (right hand)
Wands
 f - a wand of iceblast (27)
 p - a wand of acid (17)
 r - a wand of paralysis (15)
Scrolls
 d - 3 scrolls of fear {unknown}
 t - 7 scrolls of teleportation
 v - 3 scrolls of enchant armour
 B - a scroll of blinking {unknown}
 C - a scroll of enchant weapon {unknown}
 E - 2 scrolls of amnesia
 G - a scroll of acquirement
 H - a scroll of vulnerability {unknown}
Potions
 a - a potion of ambrosia
 j - 2 potions of brilliance {unknown}
 l - 3 potions of curing
 m - a potion of haste
 n - 2 potions of magic
 o - 4 potions of lignification
 K - a potion of flight {unknown}
 L - 2 potions of mutation {unknown}
 M - a potion of cancellation {unknown}
Miscellaneous
 D - a phantom mirror


   Skills:
 + Level 9.1 Fighting
 + Level 11.6 Long Blades
 + Level 7.1 Slings
 + Level 0.3(4.0) Throwing
 + Level 10.1 Armour
 + Level 13.6 Shields
 * Level 9.2 Invocations


You had 11 spell levels left.
You didn't know any spells.
Your spell library contained the following spells:

 Spells                   Type           Power      Damage    Failure   Level
 Foxfire                  Conj/Fire      0%         2x1d4     100%        1
 Corpse Rot               Necr/Air       N/A        N/A       100%        2
 Poisonous Vapours        Pois/Air       0%         N/A       100%        2
 Conjure Flame            Conj/Fire      0%         6-21      100%        3
 Inner Flame              Hex/Fire       0%         N/A       100%        3
 Stone Arrow              Conj/Erth      0%         3d7       100%        3
 Animate Armour           Summ/Erth      0%         N/A       100%        4
 Petrify                  Tmut/Erth      0%         N/A       100%        4
 Blade Hands              Tmut           0%         N/A       100%        5
 Bolt of Magma            Conj/Fire/Erth 0%         4d4       100%        5
 Freezing Cloud           Conj/Ice/Air   0%         6-21      100%        5
 Irradiate                Conj/Tmut      0%         3d13      100%        5
 Metabolic Englaciation   Hex/Ice        0%         N/A       100%        5
 Statue Form              Tmut/Erth      0%         N/A       100%        6
 Dragon Form              Tmut           0%         N/A       100%        7
 Lehudib's Crystal Spear  Conj/Erth      0%         10d2      100%        8
 Shatter                  Erth           0%         3d5*      100%        9


Dungeon Overview and Level Annotations

Branches:
Dungeon (11/15)            Temple (0/1) D:7            Lair (3/6) D:10
 Shoals (0/4) Lair:3        Snake (0/4) Lair:3          Orc (0/2) D:10
Volcano (visited)

Altars:
Cheibriados
Elyvilon
Hepliaklqana
Makhleb
Nemelex Xobeh
Okawaru
Ru
Sif Muna
Zin

Shops:
D:3 =


Innate Abilities, Weirdness & Mutations

You have a pair of horns on your head.
You reflexively headbutt those who attack you in melee.


Message History

The cane toad is no longer moving slowly.
The hell rat barely misses you.
The hell rat bites the fungus!
The cane toad stings you but does no damage.
The komodo dragon bites you but does no damage.
You hit the cane toad but do no damage. Your headbutt misses the cane toad.
The cane toad is lightly wounded.
You feel sick.
A nearby fungus withers and dies.
You block the hell rat's attack. You block the cane toad's attack.
The komodo dragon bites you but does no damage.
You hit the cane toad. You freeze the cane toad. You headbutt the cane toad.
The cane toad is moderately wounded.
You feel sick. You block the hell rat's attack. x2
The cane toad stings you but does no damage.
You closely miss the cane toad.
The cane toad is moderately wounded.
You feel sick. The hell rat bites you. You block the cane toad's attack.
You block the hell rat's attack. The komodo dragon bites you!
* * * LOW HITPOINT WARNING * * *
You block the hell rat's attack.
You slash the cane toad!
The cane toad seems to slow down.
You freeze the cane toad.
The cane toad is heavily wounded.
You feel sick.
You are no longer poisoned.
The komodo dragon is no longer moving slowly.
You block the hell rat's attack. The cane toad stings you!
* * * LOW HITPOINT WARNING * * *
The komodo dragon bites you.
* * * LOW HITPOINT WARNING * * *
You block the hell rat's attack. The hell rat barely misses you.
You riposte.
You slash the hell rat! You freeze the hell rat.
You headbutt the hell rat, but do no damage.
The hell rat is heavily wounded.
As you read the scroll of teleportation, it crumbles to dust.
You feel strangely unstable. You block the cane toad's attack.
You block the hell rat's attack. x2; The komodo dragon closely misses you.
You furiously retaliate!
You headbutt the komodo dragon!
You fade into invisibility!
You block the hell rat's attack. x2; The cane toad stings you!
You die...

....##≈.######..#
..........P#PP...
.............P...
.................
.................
.................
.......rrrr.$....
..
....>.rlFr###..#.
##. ...###r@##
...# #.. .. ####
#.. #. P. ##. #..
#.. #.. #.. ##..
#...


You could see a komodo dragon, a cane toad (slow) and 7 hell rats.

Vanquished Creatures
  Gastronok (Lair:2)
  4 two-headed ogres
  A lindwurm (Volcano)
  A manticore (D:9)
  2 black mambas (Lair:2)
  A torpor snail (Lair:2)
  3 cane toads (Lair:2)
  A rime drake (Lair:3)
  4 komodo dragons
  Maggie (Lair:2)
  A hornet (Lair:3)
  2 polar bears
  A troll (D:9)
  8 blink frogs
  Grinder (D:3)
  3 dream sheep (Lair:2)
  A snapping turtle (Lair:3)
  4 yaks
  3 shadows
  Sigmund (D:6)
  4 wyverns
  2 humans (D:7)
  2 basilisks (D:10)
  Eustachio (D:5)
  3 fire bats (Volcano)
  6 steam dragons
  2 vampire mosquitoes (D:10)
  4 acid dragons
  Edmund (D:4)
  6 water moccasins
  2 orc warriors (D:8)
  5 ice beasts
  A black bear (Lair:1)
  A swamp drake (D:10)
  13 wolves
  An ogre (D:6)
  A centaur (D:10)
  A necrophage (D:6)
  A phantom (D:10)
  2 scorpions (D:5)
  14 bullfrogs
  A wyvern zombie (D:8)
  A wyvern skeleton (D:6)
  A troll zombie (D:10)
  10 killer bees
  11 wights
  3 electric eels
  3 howler monkeys (D:9)
  A bullfrog zombie (D:6)
  4 centaur zombies
  5 hounds
  A centaur skeleton (D:6)
  6 orc priests
  Ijyb (D:3)
  An iguana (D:6)
  12 orc wizards
  A hell rat (Lair:2)
  5 ogre zombies (D:10)
  Robin (D:3)
  A gnoll (D:1)
  3 adders
  3 river rats (Lair:2)
  3 dart slugs
  35 orcs
  4 ball pythons
  2 bats
  An endoplasm (D:4)
  2 giant cockroaches
  16 goblins
  10 hobgoblins
  7 jackals
  6 kobolds
  2 quokkas
  2 frilled lizards (D:2)
  A goblin skeleton (D:10)
  4 goblin zombies (D:10)
  A hobgoblin skeleton (D:10)
  3 hobgoblin zombies (D:10)
  4 orc skeletons (D:10)
  6 orc zombies (D:10)
  9 rats
310 creatures vanquished.

Vanquished Creatures (collateral kills)
  Maurice (D:10)
1 creature vanquished.

Vanquished Creatures (others)
  3 orc wizards
  An adder (D:6)
  35 fungi
  30 plants
69 creatures vanquished.

Grand Total: 380 creatures vanquished

Notes
Turn   | Place    | Note
-------+----------+-------------------------------------------
     0 | D:1      | alasdair19 the Minotaur Fighter began the quest for the
                  | Orb.
     0 | D:1      | Reached XP level 1. HP: 19/19 MP: 0/0
    71 | D:1      | Found a faded altar of an unknown god.
   115 | D:1      | Reached XP level 2. HP: 19/27 MP: 1/1
   290 | D:1      | Reached skill level 4 in Shields
   290 | D:1      | Reached XP level 3. HP: 24/33 MP: 2/2
  1527 | D:3      | Reached skill level 1 in Slings
  1618 | D:3      | Found Ahaegozu's Jewellery Emporium.
  1642 | D:3      | Reached XP level 4. HP: 37/40 MP: 3/3
  1705 | D:3      | Noticed Robin
  1714 | D:3      | Killed Robin
  1719 | D:3      | Found a glowing silver altar of Zin.
  1978 | D:3      | Noticed Grinder
  1989 | D:3      | Killed Grinder
  1990 | D:3      | Reached XP level 5. HP: 32/46 MP: 4/4
  1990 | D:3      | Reached XP level 6. HP: 36/52 MP: 5/5
  2106 | D:3      | Found a shimmering blue altar of Sif Muna.
  2109 | D:3      | Found a sparkling altar of Nemelex Xobeh.
  2109 | D:3      | Found a hazy altar of Hepliaklqana.
  2109 | D:3      | Found an iron altar of Okawaru.
  2117 | D:3      | Became a worshipper of Warmaster Okawaru
  2538 | D:3      | Noticed Ijyb
  2539 | D:3      | Paralysed by Ijyb for 2 turns
  2549 | D:3      | Killed Ijyb
  3010 | D:4      | Noticed Edmund
  3053 | D:4      | Killed Edmund
  3054 | D:4      | Reached skill level 1 in Invocations
  3639 | D:5      | Entered Level 5 of the Dungeon
  3663 | D:5      | Reached skill level 5 in Armour
  3722 | D:5      | Identified the +3 buckler of Marbles {Harm rPois Str+2
                  | Stlth+}
  3770 | D:5      | Found a sacrificial altar of Ru.
  3777 | D:5      | Noticed Eustachio
  3782 | D:5      | Reached XP level 7. HP: 58/60 MP: 5/7
  3783 | D:5      | Reached skill level 5 in Shields
  3791 | D:5      | Reached * piety under Okawaru
  3800 | D:5      | Killed Eustachio
  4110 | D:5      | Found a burning altar of Makhleb.
  4115 | D:5      | Found a snail-covered altar of Cheibriados.
  4394 | D:6      | Reached skill level 5 in Long Blades
  4394 | D:6      | Noticed Sigmund
  4445 | D:6      | Reached skill level 5 in Slings
  4468 | D:6      | Killed Sigmund
  4469 | D:6      | Reached skill level 6 in Shields
  4469 | D:6      | Reached XP level 8. HP: 40/67 MP: 7/9
  4603 | D:6      | Reached ** piety under Okawaru
  4604 | D:6      | Reached skill level 5 in Fighting
  5679 | D:7      | Reached skill level 7 in Shields
  5706 | D:6      | Reached XP level 9. HP: 63/74 MP: 11/11
  5795 | D:7      | Reached *** piety under Okawaru
  6002 | D:7      | Found a staircase to the Ecumenical Temple.
  6899 | D:8      | Reached skill level 5 in Invocations
  7109 | D:8      | Reached skill level 8 in Shields
  7182 | D:8      | Noticed a two-headed ogre
  7204 | D:8      | HP: 3/75 [two-headed ogre (5)]
  7216 | D:8      | Killed a two-headed ogre
  7216 | D:8      | Received a gift from Okawaru
  7216 | D:8      | Reached **** piety under Okawaru
  7216 | D:8      | HP: 3/75 [steam dragon/ball of steam (10)]
  8078 | D:8      | Reached XP level 10. HP: 66/84 MP: 13/13
  8432 | D:9      | Noticed a two-headed ogre
  8440 | D:9      | Killed a two-headed ogre
  8440 | D:9      | Received a gift from Okawaru
  8440 | D:9      | Received a gift from Okawaru
  8441 | D:9      | Reached skill level 9 in Shields
  8456 | D:9      | HP: 2/84 [steam dragon/ball of steam (7)]
  8949 | D:9      | Noticed a manticore
  8956 | D:9      | Noticed a two-headed ogre
  9039 | D:9      | Noticed a two-headed ogre
  9055 | D:9      | Killed a two-headed ogre
  9055 | D:9      | Received a gift from Okawaru
  9160 | D:9      | Reached ***** piety under Okawaru
  9175 | D:9      | Killed a manticore
  9176 | D:9      | Reached skill level 10 in Shields
  9903 | D:9      | Killed a two-headed ogre
  9903 | D:9      | Received a gift from Okawaru
 10286 | D:9      | Found a white marble altar of Elyvilon.
 10299 | D:9      | Reached XP level 11. HP: 89/92 MP: 15/15
 10462 | D:10     | Entered Level 10 of the Dungeon
 10558 | D:10     | Noticed Maurice
 10564 | D:10     | Killed Maurice
 10838 | D:10     | Received a gift from Okawaru
 10848 | D:10     | Found a staircase to the Orcish Mines.
 11599 | D:10     | Reached skill level 11 in Shields
 11829 | D:10     | Reached skill level 10 in Long Blades
 11834 | D:10     | Found a staircase to the Lair.
 12129 | D:11     | Noticed a two-headed ogre
 12130 | D:11     | Noticed a two-headed ogre
 12131 | D:11     | Noticed a boulder beetle
 12231 | Lair:1   | Entered Level 1 of the Lair of Beasts
 12605 | Lair:1   | You fall into a shaft and drop 1 floor!
 12622 | Lair:2   | You fall into a shaft and drop 1 floor!
 12635 | Lair:3   | Received a gift from Okawaru
 12946 | Lair:3   | Found a staircase to the Snake Pit.
 13110 | Lair:2   | Noticed Gastronok
 13138 | Lair:2   | Killed Gastronok
 13139 | Lair:2   | Reached skill level 12 in Shields
 13201 | Lair:2   | Found a dark tunnel.
 13212 | Lair:2   | Received a gift from Okawaru
 13213 | Lair:2   | Reached XP level 12. HP: 47/103 MP: 17/17
 13239 | Volcano  | Entered a volcano
 14054 | Lair:2   | Received a gift from Okawaru
 14222 | Lair:2   | Reached skill level 13 in Shields
 14662 | Lair:1   | Identified 2 scrolls of acquirement
 14662 | Lair:1   | Acquired 636 gold pieces
 14980 | Lair:1   | Received a gift from Okawaru
 15186 | Lair:2   | Noticed Maggie
 15190 | Lair:2   | Reached skill level 10 in Armour
 15213 | Lair:2   | Killed Maggie
 16157 | Lair:3   | Found a staircase to the Shoals.
 16474 | Lair:3   | Slain by a cane toad

Illustrated notes

Levels and vault maps discovered:
D:1:      psy_arrival_whirlpool, layout_rooms, ebering_ecumenical_altar_hall
D:2:      layout_rooms
D:3:      layout_basic, old_standard_altar, grunt_temple_overflow_open,
          serial_shops, shop, uniq_robin, uniq_grinder, uniq_ijyb
D:4:      layout_loops_ring, serial_aquarium, aquarium_bridge_straight
          [aquarium_subvault_bridge, aquarium_subvault_balcony,
          aquarium_subvault_bridge, aquarium_subvault_wall],
          aquarium_bridge_island_large [aquarium_subvault_large_open,
          aquarium_subvault_window, aquarium_subvault_bridge,
          aquarium_subvault_wall, aquarium_subvault_bridge], aquarium_window_2,
          aquarium_window_fake, aquarium_window_fake,
          aquarium_window_corridor_3, aquarium_view_2e, aquarium_view_2c,
          aquarium_balcony_double_3, minmay_misc_feat_columns,
          minmay_strange_pillars, kennysheep_generic_room_9, uniq_edmund
D:5:      layout_cave_pools, nicolae_ru_great_annihilating_truth,
          mainiacjoe_overflow_large_starburst, hangedman_abyss_or_decor_stabs,
          uniq_eustachio
D:6:      cheibrodos_helix_gallery, layout_cave_pools, serial_park_tiny_1,
          hangedman_decor_growths, uniq_sigmund
D:7:      layout_layer_cave, minmay_temple_entry_tees, minmay_ruffians
D:8:      layout_basic, chequers_serial_rivers_micro_b
D:9:      minmay_clustersquares, layout_small_grid, marbit_many_paths,
          serial_bayou_pond_c
D:10:     layout_loops_ring, erik_lair_dragon, zombieorc1_lemuel, uniq_maurice
D:11:     layout_loops_ring, lightli_fourway_metalbox
Lair:1:   layout_roguey
Lair:2:   layout_gridlike, nicolae_volcano_entry_two_sided,
          kennysheep_abandoned_house, serial_bayou_shore_a,
          infiniplex_staircase_pool_2, uniq_gastronok, uniq_maggie
Lair:3:   layout_hall_layers, minmay_shoals_entry_hut, dummy_snake_entry,
          pf_torpor_hydra

Skill      XL: |  1  2  3  4  5  6  7  8  9 10 11 12 |
---------------+-------------------------------------+-----
Armour         | 4 5 6 7 8 9 10 | 10.1
Shields        | 4 6 7 8 10 12 13 | 13.6
Fighting       | 4 5 6 7 8 9 |  9.1
Long Blades    | 3 4 5 6 7 9 10 11 | 11.6
Slings         | 1 4 5 6 7 |  7.1
Invocations    | 1 2 4 5 6 8 9 |  9.2
Throwing       | |  0.3

Action                   |  1- 3 |  4- 6 |  7- 9 | 10-12 || total
-------------------------+-------+-------+-------+-------++-------
Melee: Long sword        |    83 |    66 |     9 |       ||   158
       Headbutt          |    12 |    14 |    63 |   230 ||   319
       Falchion          |       |       |   288 |   972 ||  1260
 Fire: Hunting sling     |    26 |    36 |    51 |    30 ||   143
Throw: Dart              |       |       |     2 |     2 ||     4
Invok: Finesse           |       |       |       |     2 ||     2
Evoke: Wand              |       |       |       |     1 ||     1
       Phantom mirror    |       |       |       |     1 ||     1
  Use: Scroll            |     3 |     4 |     3 |     8 ||    18
       Potion            |       |     1 |     4 |     3 ||     8
 Stab: Confused          |       |       |       |     1 ||     1
Armor: Scale mail        |    33 |    18 |     6 |       ||    57
       Chain mail        |       |       |    18 |       ||    18
       Plate armour      |       |       |   143 |   321 ||   464
Dodge: Dodged            |    25 |    16 |    50 |    65 ||   156
Block: Kite shield       |    70 |    57 |   207 |       ||   334
       Reflection        |       |     1 |     4 |     5 ||    10
       Tower shield      |       |       |   102 |  1073 ||  1175
       Rpst.: Long sword |     1 |    10 |     2 |       ||    13
       Falchion          |       |       |     7 |    18 ||    25
